 Dungeon Crawl Stone Soup version 0.21-a0-352-g5b8f553 (webtiles) character file.

7086 zero the Cleaver (level 11, -19/108 HPs)
             Began as a Gargoyle Berserker on Oct 10, 2017.
             Was a High Priest of Trog.
             Demolished by a komodo dragon (20 damage)
             ... on level 1 of the Lair of Beasts.
             The game lasted 00:10:46 (9686 turns).

zero the Cleaver (Gargoyle Berserker)               Turns: 9686, Time: 00:10:47

Health: -19/108    AC: 26    Str: 31    XL:     11   Next: 9%
Magic:  11/11      EV:  9    Int: 10    God:    Trog [*****.]
Gold:   441        SH:  0    Dex:  9    Spells: 10/10 levels left

rFire    . . .     SeeInvis +   r - +6 battleaxe
rCold    . . .     Gourm    .   (shield currently unavailable)
rNeg     + . .     Faith    .   b - +2 plate armour {MR+}
rPois    ∞         Spirit   .   C - +2 helmet
rElec    +         Reflect  .   (no cloak)
rCorr    .         Harm     .   (no gloves)
MR       +....                  (no boots)
Stlth    ..........             (no amulet)
HPRegen  0.28/turn              j - ring of see invisible
MPRegen  0.12/turn              q - ring of flight

@: berserking, very quick
A: slimy green scales 1, thin metallic scales 1, clever 1, deformed body,
negative energy resistance 1, electricity resistance, strong 1, unbreathing,
petrification resistance, rot immunity, sturdy frame 1, AC +8
a: Berserk, Trog's Hand, Brothers in Arms, Burn Spellbooks, Renounce Religion,
Evoke Flight


You were on level 1 of the Lair of Beasts.
You worshipped Trog.
Trog was extremely pleased with you.
You were not hungry.

You visited 2 branches of the dungeon, and saw 10 of its levels.

You collected 610 gold pieces.
You spent 169 gold pieces at shops.

Inventory:

Hand Weapons
 r - a +6 battleaxe (weapon)
Armour
 b - a +2 plate armour of magic resistance (worn)
 C - a +2 helmet (worn)
Jewellery
 j - a ring of see invisible (left hand)
 q - a ring of flight (right hand)
Wands
 a - a wand of flame (34/48)
 A - a wand of enslavement (11/24)
Scrolls
 d - 2 scrolls of fear
 g - 6 scrolls of immolation
 h - 3 scrolls of teleportation
 l - 10 scrolls of remove curse
 m - a scroll of enchant weapon
 o - a scroll of enchant armour
Potions
 e - a potion of agility
 i - 6 potions of curing
 k - 3 potions of ambrosia
 p - a potion of might
 s - a potion of magic
 t - 3 potions of brilliance
 u - 2 potions of mutation {unknown}
 v - a potion of haste {unknown}
 w - a potion of lignification {unknown}
Comestibles
 c - 10 bread rations
 n - 3 meat rations


   Skills:
 + Level 9.7 Fighting
 * Level 11.1 Axes
 + Level 9.4 Armour
 - Level 1.5 Dodging


You had 10 spell levels left.
You didn't know any spells.

Dungeon Overview and Level Annotations

Branches:
Dungeon (9/15)             Temple (0/1) D:5            Lair (1/6) D:9
    Orc: D:9-12

Altars:
Ashenzari
Cheibriados
Fedhas
Gozag
Kikubaaqudgha
Nemelex Xobeh
Okawaru
Qazlal
Ru
Sif Muna
Trog
Zin
The Shining One

Shops:
D:6 *


Innate Abilities, Weirdness & Mutations

You are resistant to torment.
Your stone body is resilient. (AC +8)
You are immune to poison.
You resist negative energy. (rN+)
You are resistant to electric shocks. (rElec)
You can survive without breathing.
You are immune to petrification.
You are immune to rotting.
You are partially covered in slimy green scales. (AC +2)
You are partially covered in thin metallic scales. (AC +2)
Your mind is acute. (Int +2)
Armour fits poorly on your strangely shaped body.
Your muscles are strong. (Str +2)
Your movements are slightly less encumbered by armour. (ER -2)


Message History

A red film seems to cover your vision as you go berserk!
You feel yourself moving faster!
You feel mighty!
You feel a lot more hungry. The komodo dragon bites you.
* * * LOW HITPOINT WARNING * * *
The komodo dragon bites you but does no damage.
You closely miss the komodo dragon.
The komodo dragon is severely wounded.
You slash the komodo dragon!
The komodo dragon bites you but does no damage.
You slash the komodo dragon!
The komodo dragon is heavily wounded.
You slice the komodo dragon!!
You kill the komodo dragon!
Trog accepts your kill. The komodo dragon closely misses you.
You slash the komodo dragon!
The komodo dragon is severely wounded.
The komodo dragon hisses menacingly.
The komodo dragon bites you!!
You die...

#..........#
##.........###
#...........#
#...........#
#...........## #
##............# .#
#.............# ..#.#
##............####....!#
#..........#...@l...#
##..........##..†#.#.#
#.###.....#####..# # ###
###.### ##.# ### ###


You could see a komodo dragon.

Vanquished Creatures
  A two-headed ogre (D:9)
  Pikel (D:8)
  A black mamba (Lair:1)
  A komodo dragon (Lair:1)
  A troll (D:9)
  A hippogriff (D:8)
  5 yaks (D:9)
  A steam dragon (D:8)
  2 water moccasins
  2 orc warriors
  5 ice beasts
  2 sky beasts
  4 black bears
  A slave (D:8)
  4 wolves (Lair:1)
  6 ogres
  2 bullfrogs
  2 scorpions (D:9)
  A water moccasin skeleton (D:9)
  6 killer bees (D:7)
  4 wights (D:8)
  2 howler monkeys
  A bullfrog zombie (D:9)
  3 crimson imps (D:5)
  4 orc priests
  A gnoll shaman (D:6)
  2 centaur skeletons
  4 hounds
  5 jellies
  3 orc wizards
  2 iguanas (D:8)
  6 worker ants
  Robin (D:3)
  4 gnolls (D:6)
  9 adders
  2 shadow imps
  An ooze (D:1)
  4 worms
  2 dart slugs
  5 leopard geckos
  19 orcs
  A ball python (D:3)
  2 giant cockroaches
  14 goblins
  13 hobgoblins
  19 jackals
  3 quokkas
  2 ball python skeletons (D:4)
  7 bats
  4 frilled lizards
  6 kobolds
  2 leopard gecko skeletons
  8 rats
  7 fungi
  3 plants (D:9)
224 creatures vanquished.

Vanquished Creatures (collateral kills)
  An ogre (D:5)
1 creature vanquished.

Vanquished Creatures (others)
  A bullfrog (D:8)
1 creature vanquished.

Grand Total: 226 creatures vanquished

Notes
Turn   | Place    | Note
-------+----------+-------------------------------------------
     0 | D:1      | zero the Gargoyle Berserker began the quest for the Orb.
     0 | D:1      | Reached XP level 1. HP: 14/14 MP: 1/1
    91 | D:1      | Reached skill level 3 in Axes
    91 | D:1      | Reached XP level 2. HP: 15/19 MP: 2/2
   332 | D:1      | Reached XP level 3. HP: 23/23 MP: 3/3
   638 | D:2      | Noticed an ogre
   645 | D:2      | Killed an ogre
   645 | D:2      | Reached skill level 4 in Axes
   645 | D:2      | Reached XP level 4. HP: 14/29 MP: 4/4
   912 | D:2      | Reached XP level 5. HP: 33/33 MP: 5/5
   921 | D:2      | Reached ** piety under Trog
  1852 | D:3      | Found a blossoming altar of Fedhas.
  2622 | D:3      | Noticed Robin
  2628 | D:3      | Reached *** piety under Trog
  2635 | D:3      | Killed Robin
  2635 | D:3      | Reached XP level 6. HP: 39/39 MP: 6/6
  3208 | D:4      | Found a sacrificial altar of Ru.
  3357 | D:4      | Reached skill level 5 in Axes
  3529 | D:4      | Reached skill level 5 in Fighting
  3602 | D:4      | Found a glowing golden altar of the Shining One.
  3742 | D:5      | Entered Level 5 of the Dungeon
  3767 | D:5      | Reached **** piety under Trog
  3768 | D:5      | Found a snail-covered altar of Cheibriados.
  3977 | D:5      | Noticed a water moccasin
  4008 | D:5      | Killed a water moccasin
  4008 | D:5      | Reached XP level 7. HP: 32/44 MP: 7/7
  4278 | D:5      | Found an opulent altar of Gozag.
  4383 | D:5      | Reached skill level 6 in Axes
  4610 | D:5      | Found a staircase to the Ecumenical Temple.
  4670 | D:5      | Reached skill level 5 in Armour
  5067 | D:6      | Found Ler Gikh's Assorted Antiques.
  5076 | D:6      | Reached XP level 8. HP: 51/51 MP: 8/8
  5138 | D:6      | Bought a dented bronze amulet for 95 gold pieces
  5138 | D:6      | Bought a scroll labeled ZUTUG VIRI for 19 gold pieces
  5138 | D:6      | Bought a scroll labeled TUETRE VIHORY for 19 gold pieces
  5138 | D:6      | Bought a scroll labeled ABRAOZ GUNNOTS for 19 gold pieces
  5138 | D:6      | Bought a yellow potion for 17 gold pieces
  5145 | D:6      | Found a glowing silver altar of Zin.
  5331 | D:6      | Found a sparkling altar of Nemelex Xobeh.
  5602 | D:6      | Found an iron altar of Okawaru.
  5967 | D:6      | Found an ancient bone altar of Kikubaaqudgha.
  6077 | D:6      | Reached skill level 7 in Axes
  6460 | D:7      | Found a stormy altar of Qazlal.
  6507 | D:7      | Reached XP level 9. HP: 52/56 MP: 9/9
  6511 | D:7      | Gained mutation: Your mind is acute. (Int +2) [mutagenic meat]
  6512 | D:7      | Gained mutation: You are partially covered in thin metallic scales. (AC +2) [mutagenic meat]
  6513 | D:7      | Gained mutation: Your movements are slightly less encumbered by armour. (ER -2) [mutagenic meat]
  6514 | D:7      | Gained mutation: You are clumsy. (Dex -2) [mutagenic meat]
  6562 | D:7      | Reached skill level 8 in Axes
  6898 | D:8      | Found a shattered altar of Ashenzari.
  7391 | D:8      | Found a bloodstained altar of Trog.
  7408 | D:8      | Noticed Pikel
  7435 | D:8      | Reached skill level 9 in Axes
  7698 | D:8      | Killed Pikel
  7698 | D:8      | Reached XP level 10. HP: 64/64 MP: 10/10
  8073 | D:9      | Found a deep blue altar of Sif Muna.
  8100 | D:9      | Reached skill level 10 in Axes
  8312 | D:9      | Reached ***** piety under Trog
  8436 | D:9      | Gained mutation: You are partially covered in slimy green scales. (AC +2) [mutagenic meat]
  8437 | D:9      | Gained mutation: Your muscles are strong. (Str +2) [mutagenic meat]
  8438 | D:9      | Lost mutation: You are clumsy. (Dex -2) [mutagenic meat]
  8439 | D:9      | Gained mutation: Armour fits poorly on your strangely shaped body. [mutagenic meat]
  8501 | D:9      | Found a staircase to the Lair.
  8811 | D:9      | Noticed a two-headed ogre
  8818 | D:9      | Killed a two-headed ogre
  9005 | Lair:1   | Entered Level 1 of the Lair of Beasts
  9053 | Lair:1   | Noticed a black mamba
  9057 | Lair:1   | Killed a black mamba
  9141 | D:9      | Reached XP level 11. HP: 71/71 MP: 11/11
  9672 | Lair:1   | Reached skill level 11 in Axes
  9683 | Lair:1   | HP: 1/108 [komodo dragon (6)]
  9686 | Lair:1   | Demolished by a komodo dragon

Vault maps used:
D:1:      dpeg_arrival_prison, corexii_leaking_fountain
D:2:      first_bread, roderic_serpentine_path
D:3:      kennysheep_goblin_castle, nicolae_overflow_crystal_walls,
          moated_statue
D:4:      kennysheep_mini, lemuel_coloured_pillars_altar,
          kennysheep_small_circle
D:5:      kennysheep_slug_shrine, grunt_gozag_breadcrumbs,
          minmay_temple_entry_large_hall
D:6:      nicolae_overflow_hidden_temple, lemuel_crystal_altar,
          lemuel_round_altar, lemuel_round_altar, serial_shops,
          nicolae_shop_crystal, minmay_misc_feat_plants,
          minmay_misc_feat_nine_boxes
D:7:      overflow_temple_1_default
D:8:      trog_ov_bears_minmay, ashenzari_conservatory_becter, grunt_ogre_cave,
          uniq_pikel
D:9:      kennysheep_mini_moat, grunt_lair_entry_orc_guard_hut
Lair:1:   beast_lair_carwin_5

Skill      XL: |  1  2  3  4  5  6  7  8  9 10 11 |
---------------+----------------------------------+-----
Axes           | 3 4 5 6 7 9 10 11 | 11.1
Fighting       | 4 5 6 8 9 |  9.7
Armour         | 3 4 5 6 7 9 |  9.4
Dodging        | |  1.5

Action                   |  1- 3 |  4- 6 |  7- 9 | 10-12 || total
-------------------------+-------+-------+-------+-------++-------
Melee: Hand axe          |    70 |   287 |   157 |       ||   514
       War axe           |       |       |   157 |       ||   157
       Battleaxe         |       |       |    18 |   104 ||   122
Invok: Berserk           |     1 |     3 |     8 |     1 ||    13
       Burn Spellbooks   |       |     1 |       |       ||     1
       Brothers in Arms  |       |       |     1 |       ||     1
       Trog's Hand       |       |       |     1 |       ||     1
  Use: Scroll            |       |       |    17 |     2 ||    19
  Eat: Chunk             |       |     9 |    14 |     7 ||    30
       Meat ration       |       |     1 |     2 |       ||     3
       Royal jelly       |       |       |       |     2 ||     2
Armor: Animal skin       |    29 |    10 |       |       ||    39
       Plate armour      |       |   166 |   312 |    75 ||   553
       Ring mail         |       |     8 |       |       ||     8
Dodge: Dodged            |    63 |   130 |   166 |    40 ||   399

Table legend:
 A = Spawn XP
 B = Non-spawn XP
 C = Spawn XP percentage of total XP
 D = Spawn monster count
 E = Non-spawn monster count
 F = Spawn count percentage of total count
 G = Total turns spent on level
                    A         B        C        D         E        F      G
               +---------+---------+-------+---------+---------+-------+---------
         Total |       0 |   10124 |   0.0 |       0 |     214 |   0.0 |  9686
               +---------+---------+-------+---------+---------+-------+---------
           D:1 |       0 |      39 |   0.0 |       0 |      20 |   0.0 |   579
           D:2 |       0 |     177 |   0.0 |       0 |      16 |   0.0 |  1184
           D:3 |       0 |     136 |   0.0 |       0 |      49 |   0.0 |  1356
           D:4 |       0 |     235 |   0.0 |       0 |      17 |   0.0 |   873
           D:5 |       0 |     585 |   0.0 |       0 |      26 |   0.0 |  1457
           D:6 |       0 |     587 |   0.0 |       0 |      16 |   0.0 |  1187
           D:7 |       0 |     870 |   0.0 |       0 |      13 |   0.0 |   875
           D:8 |       0 |    2704 |   0.0 |       0 |      29 |   0.0 |   952
           D:9 |       0 |    3510 |   0.0 |       0 |      22 |   0.0 |  1054
        Lair:1 |       0 |    1281 |   0.0 |       0 |       6 |   0.0 |   169
               +---------+---------+-------+---------+---------+-------+---------
